Remparts vs Demolitions
(R1)
Created - 22 décembre 2016 at 23:41
Goals
|
Remparts |
1 |
2 |
3 |
6 |
Demolitions |
0 |
2 |
1 |
3 |
|
Shots
|
Remparts |
11 |
11 |
12 |
34 |
Demolitions |
11 |
9 |
10 |
30 |
|
1st period
1. Remparts , Petr Straka 5 (Jonathan Matsumoto, William Colbert) at 16:44
Penalties :
Bobby Butler (Vic) for Tripping (Minor) at 6:53
2nd period
2. Remparts , Rico Fata 14 (Jarod Palmer, Erik Gudbranson) at 1:02
3. Remparts , Jonathan Matsumoto 25 (Daniel Paille, Keith Ballard) at 2:56
4. Demolitions , David Laliberté 5 (David Rundblad, Nikolai Zherdev) at 8:21
5. Demolitions , Nikolai Zherdev 15 (Darren Helm, Alex Hutchings) at 14:08
Penalties :
Erik Gudbranson (Que) for Holding (Minor) at 3:43, Doug Janik (Vic) for Unsportsmanlike conduct (Minor) at 15:56
3rd period
6. Remparts , Daniel Paille 20 (Jonathan Matsumoto, Keith Ballard) at 1:52
7. Demolitions , Nikolai Zherdev 16 (Matt D'Agostini, Darren Helm) at 7:18
8. Remparts , Petr Straka 6 (Radko Gudas, Daniel Paille) at 11:16
9. Remparts , Pasi Salonen 8 (Guillaume Desbiens, Cédric Lalonde-McNicoll) at 14:48 (PP)
Penalties :
Cédric Lalonde-McNicoll (Que) for Holding (Minor) at 2:07, David Laliberté (Vic) for Hooking (Minor) at 2:39, Seth Helgeson (Vic) for Holding Stick (Minor) at 13:39, Jarod Palmer (Que) for Hooking (Minor) at 17:10, Corban Knight (Vic) for Hooking (Minor) at 19:54
Goalie Stats
Petr Mrazek (Que), 27 saves from 30 shots - (0,900), W, 7-3-0, 60:00 minutes
Joe Cannata (Vic), 28 saves from 34 shots - (0,824), L, 1-1-0, 60:00 minutes
Players Stats for Remparts
Player Name G A P +/- PIM S H SB GA TA FO MP PP MP PK MP
------------------------------------------------------------------------------------
Brandon Gormley 0 0 0 1 0 1 1 0 1 0 0/0 19:29 1:56 2:25
Cédric Lalonde-McNicoll 0 1 1 -1 2 0 1 1 0 0 3/12 16:40 2:41 2:10
Chris Mueller 0 0 0 0 0 1 0 0 0 0 2/3 7:04 0:00 0:03
Dale Weise 0 0 0 0 0 0 1 0 0 0 0/0 7:01 0:00 0:00
Daniel Paille 1 2 3 2 0 4 2 0 3 0 0/1 21:08 3:03 0:34
Erik Gudbranson 0 1 1 -1 2 2 3 0 0 3 0/0 28:21 3:48 1:16
Guillaume Desbiens 0 1 1 -1 0 2 1 0 0 0 1/1 14:31 2:41 0:00
Jarod Palmer 0 1 1 1 2 0 0 0 0 0 2/4 13:54 0:00 0:27
Johannes Salmonsson 0 0 0 0 0 1 1 0 1 0 1/1 9:48 0:00 2:38
Jonathan Cheechoo 0 0 0 1 0 2 1 0 0 1 0/1 12:19 0:00 1:48
Jonathan Matsumoto 1 2 3 2 0 10 2 0 0 0 14/25 20:45 3:03 0:24
Keith Ballard 0 2 2 -2 0 0 0 1 2 1 0/0 27:58 3:48 2:05
Pasi Salonen 1 0 1 -1 0 5 3 1 0 0 1/1 18:24 2:41 0:56
Petr Straka 2 0 2 2 0 2 1 0 1 1 1/3 19:44 3:03 0:00
Radko Gudas 0 1 1 2 0 1 3 0 0 2 0/0 19:53 1:56 2:25
Rico Fata 1 0 1 1 0 2 0 0 0 0 0/0 10:31 0:00 0:00
Ty Wishart 0 0 0 2 0 0 0 0 0 1 0/0 13:36 0:00 0:49
William Colbert 0 1 1 2 0 1 1 2 0 0 0/0 12:54 0:00 0:00
Players Stats for Demolitions
Player Name G A P +/- PIM S H SB GA TA FO MP PP MP PK MP
------------------------------------------------------------------------------------
Alex Hutchings 0 1 1 -1 0 0 0 0 0 0 0/0 11:52 0:13 2:16
Andrew Campbell 0 0 0 1 0 0 1 0 1 0 0/0 10:04 0:00 0:00
Billy Sweat 0 0 0 0 0 2 0 0 0 1 0/0 9:34 0:00 0:00
Bobby Butler 0 0 0 -1 2 3 0 2 0 1 1/1 5:49 0:00 0:00
Cameron Schilling 0 0 0 -4 0 1 0 4 0 0 0/0 26:50 2:24 3:54
Corban Knight 0 0 0 -1 2 3 0 0 0 0 0/0 10:31 0:00 1:31
Darren Helm 0 2 2 1 0 1 0 1 1 0 12/27 18:28 2:21 0:15
David Laliberté 1 0 1 0 2 1 1 0 0 0 1/1 12:14 0:42 0:00
David Rundblad 0 1 1 2 0 0 3 2 1 1 0/0 18:55 2:06 1:50
Doug Janik 0 0 0 -4 2 0 1 0 1 1 0/0 24:47 2:24 2:24
Marek Zagrapan 0 0 0 -2 0 2 3 0 1 1 6/12 15:08 1:56 0:00
Matt D'Agostini 0 1 1 0 0 1 1 0 1 1 0/0 19:03 1:55 0:00
Nick Pryor 0 0 0 -1 0 0 0 0 0 1 0/0 4:11 0:00 0:00
Nicolas Blanchard 0 0 0 1 0 0 1 0 0 0 2/4 13:40 0:00 2:24
Nigel Dawes 0 0 0 -2 0 3 3 1 0 0 1/1 16:45 1:56 1:35
Nikolai Zherdev 2 1 3 1 0 9 2 0 2 1 4/6 23:23 2:21 3:27
Robert Bortuzzo 0 0 0 1 0 0 1 0 0 0 0/0 11:16 0:00 1:12
Ryan Vesce 0 0 0 -2 0 4 0 0 1 0 0/0 15:17 2:05 0:00
Seth Helgeson 0 0 0 2 2 0 0 1 0 0 0/0 18:39 2:06 1:35
Taylor Aronson 0 0 0 -1 0 0 0 0 0 0 0/0 6:18 0:00 0:33
3 Stars
1 - Nikolai Zherdev (Vic)
2 - Daniel Paille (Que)
3 - Jonathan Matsumoto (Que)
Power Play
Remparts - 1 on 5 Attempt(s) - 20,00%
Demolitions - 0 on 3 Attempt(s) - 0,00%
Penalty Kill
Remparts - 3 on 3 Attempt(s) - 100,00%
- Score 0 goal in Penalty Kill
Demolitions - 4 on 5 Attempt(s) - 80,00%
- Score 0 goal in Penalty Kill
Team Stat
Remparts - Hits : 21 - Faceoff Wins : 25 - Blocked Shots : 5 - Penalty Minutes : 6
Demolitions - Hits : 17 - Faceoff Wins : 27 - Blocked Shots : 11 - Penalty Minutes : 10
Official
Referees : Walkom Stephen and Ciamaga Chris
Linesman : Brad Kovachik and Darren Gibbs
Game Notes
Bobby Butler is injured at 19:42 of 1st period (Right Hip)
Finance
Level 1 -- Attendance: 1603 (80,15%) -- Ticket Income 56 105 $
Level 2 -- Attendance: 743 (74,30%) -- Ticket Income 11 145 $
Total Attendance: 2346 (78,20%)
Total Ticket Income: 67 250 $
Other Income: 3 362 $
Total Income: 70 612 $
Remparts
5 vs 5 Forward
Center Left Wing Right Wing Time % Phy DF OF
1 Jonathan Matsumoto Daniel Paille Petr Straka 40 0 2 3
2 Cédric Lalonde-McNicoll Pasi Salonen Guillaume Desbiens 30 0 2 3
3 Jarod Palmer Rico Fata Jonathan Cheechoo 20 0 3 2
4 Chris Mueller Johannes Salmonsson Dale Weise 10 1 2 2
5 vs 5 Defense
Defense Defense Time % Phy DF OF
1 Erik Gudbranson Keith Ballard 40 0 2 3
2 Radko Gudas Brandon Gormley 30 0 2 3
3 William Colbert Ty Wishart 20 1 2 2
4 Erik Gudbranson Keith Ballard 10 0 2 3
PowerPlay Forward
Center Left Wing Right Wing Time % Phy DF OF
1 Jonathan Matsumoto Daniel Paille Petr Straka 60 0 1 4
2 Cédric Lalonde-McNicoll Pasi Salonen Guillaume Desbiens 40 0 1 4
PowerPlay Defense
Defense Defense Time % Phy DF OF
1 Erik Gudbranson Keith Ballard 60 0 2 3
2 Radko Gudas Brandon Gormley 40 0 2 3
Penalty Kill 4 Players Forward
Center Wing Time % Phy DF OF
1 Cédric Lalonde-McNicoll Johannes Salmonsson 60 1 4 0
2 Jarod Palmer Pasi Salonen 40 1 4 0
Penalty Kill 4 Players Defense
Defense Defense Time % Phy DF OF
1 Erik Gudbranson Keith Ballard 60 1 4 0
2 Brandon Gormley Radko Gudas 40 1 4 0
Penalty Kill - 3 Players Forward
Forward Time % Phy DF OF
1 Cédric Lalonde-McNicoll 60 1 4 0
2 Jarod Palmer 40 1 4 0
Penalty Kill - 3 Players Defense
Defense Defense Time % Phy DF OF
1 Erik Gudbranson Keith Ballard 60 1 4 0
2 Brandon Gormley Radko Gudas 40 1 4 0
4 vs 4 Forward
Center Wing Time % Phy DF OF
1 Jonathan Matsumoto Daniel Paille 60 0 2 3
2 Cédric Lalonde-McNicoll Pasi Salonen 40 0 2 3
4 vs 4 Defense
Defense Defense Time % Phy DF OF
1 Erik Gudbranson Keith Ballard 60 0 2 3
2 Radko Gudas Brandon Gormley 40 0 2 3
Last Minutes Offensive
Center Left Wing Right Wing Defense Defense
Jonathan Matsumoto Daniel Paille Petr Straka Erik Gudbranson Keith Ballard
Last Minutes Defensive
Center Left Wing Right Wing Defense Defense
Jarod Palmer Daniel Paille Jonathan Cheechoo Erik Gudbranson Keith Ballard
Goaltenders
Starting : Petr Mrazek
Backup : Keith Kinkaid
Extra Forwards
Normal : Pasi Salonen, Jarod Palmer, Petr Straka - PP : Petr Straka, Jarod Palmer - PK : Jonathan Cheechoo
Extra Defensemen
Normal : Radko Gudas, Erik Gudbranson, Ty Wishart - PP : Ty Wishart - PK : Ty Wishart, Erik Gudbranson
Penalty Shots
Pasi Salonen, Cédric Lalonde-McNicoll, Jonathan Cheechoo, Rico Fata, Jonathan Matsumoto
Demolitions
5 vs 5 Forward
Center Left Wing Right Wing Time % Phy DF OF
1 Darren Helm Bobby Butler Nikolai Zherdev 40 1 2 2
2 Marek Zagrapan Nigel Dawes Ryan Vesce 30 1 2 2
3 Nicolas Blanchard Billy Sweat Matt D'Agostini 20 1 2 2
4 Corban Knight Alex Hutchings David Laliberté 10 1 2 2
5 vs 5 Defense
Defense Defense Time % Phy DF OF
1 Doug Janik Cameron Schilling 40 1 2 2
2 Seth Helgeson David Rundblad 30 1 2 2
3 Andrew Campbell Robert Bortuzzo 20 1 2 2
4 Taylor Aronson Nick Pryor 10 1 2 2
PowerPlay Forward
Center Left Wing Right Wing Time % Phy DF OF
1 Darren Helm Bobby Butler Nikolai Zherdev 60 1 2 2
2 Marek Zagrapan Nigel Dawes Ryan Vesce 40 1 2 2
PowerPlay Defense
Defense Defense Time % Phy DF OF
1 Doug Janik Cameron Schilling 60 1 2 2
2 Seth Helgeson David Rundblad 40 1 2 2
Penalty Kill 4 Players Forward
Center Wing Time % Phy DF OF
1 Nikolai Zherdev Bobby Butler 60 1 2 2
2 Nigel Dawes Darren Helm 40 1 2 2
Penalty Kill 4 Players Defense
Defense Defense Time % Phy DF OF
1 Doug Janik Cameron Schilling 60 1 2 2
2 Seth Helgeson David Rundblad 40 1 2 2
Penalty Kill - 3 Players Forward
Forward Time % Phy DF OF
1 Nikolai Zherdev 60 1 2 2
2 Bobby Butler 40 1 2 2
Penalty Kill - 3 Players Defense
Defense Defense Time % Phy DF OF
1 Doug Janik Cameron Schilling 60 1 2 2
2 Seth Helgeson David Rundblad 40 1 2 2
4 vs 4 Forward
Center Wing Time % Phy DF OF
1 Nikolai Zherdev Bobby Butler 60 1 2 2
2 Nigel Dawes Darren Helm 40 1 2 2
4 vs 4 Defense
Defense Defense Time % Phy DF OF
1 Doug Janik Cameron Schilling 60 1 2 2
2 Seth Helgeson David Rundblad 40 1 2 2
Last Minutes Offensive
Center Left Wing Right Wing Defense Defense
Darren Helm Bobby Butler Nikolai Zherdev Doug Janik Cameron Schilling
Last Minutes Defensive
Center Left Wing Right Wing Defense Defense
Darren Helm Bobby Butler Nikolai Zherdev Doug Janik Cameron Schilling
Goaltenders
Starting : Joe Cannata
Backup : Brent Krahn
Extra Forwards
Normal : Matt D'Agostini, David Laliberté, Nicolas Blanchard - PP : Matt D'Agostini, David Laliberté - PK : Nicolas Blanchard
Extra Defensemen
Normal : Andrew Campbell, Robert Bortuzzo, Taylor Aronson - PP : Andrew Campbell - PK : Robert Bortuzzo, Taylor Aronson
Penalty Shots
Nikolai Zherdev, Bobby Butler, Nigel Dawes, Darren Helm, Ryan Vesce
% Time on Ice - Remparts
Lines # - Real PCT - Wanted PCT - Time Play
Normal Forward
1 - 34% - 40% - 16:32
2 - 29% - 30% - 14:15
3 - 22% - 20% - 10:31
4 - 15% - 10% - 7:01
Normal Defense
1 - 39% - 40% - 18:45
2 - 30% - 30% - 14:23
3 - 26% - 20% - 12:47
4 - 5% - 10% - 2:24
PP Forward
1 - 53% - 60% - 3:03
2 - 47% - 40% - 2:41
PP Defense
1 - 66% - 60% - 3:48
2 - 34% - 40% - 1:56
PK Forward
1 - 79% - 60% - 3:34
2 - 21% - 40% - 0:56
PK Defense
1 - 55% - 60% - 2:28
2 - 45% - 40% - 2:02
PK3 Forward
1 - 0% - 60%
2 - 0% - 40%
PK3 Defense
1 - 0% - 60%
2 - 0% - 40%
44 Forward
1 - 93% - 60% - 1:21
2 - 7% - 40% - 0:06
44 Defense
1 - 64% - 60% - 0:56
2 - 36% - 40% - 0:31
Last Minute Offensive - 0:00
Last Minute Defensive - 0:00
Total
Forward - 60:00
Defense - 60:00
|
% Time on Ice - Demolitions
Lines # - Real PCT - Wanted PCT - Time Play
Normal Forward
1 - 36% - 40% - 17:26
2 - 27% - 30% - 13:12
3 - 20% - 20% - 9:34
4 - 17% - 10% - 8:07
Normal Defense
1 - 41% - 40% - 19:48
2 - 30% - 30% - 14:16
3 - 21% - 20% - 10:04
4 - 9% - 10% - 4:11
PP Forward
1 - 57% - 60% - 2:34
2 - 43% - 40% - 1:56
PP Defense
1 - 53% - 60% - 2:24
2 - 47% - 40% - 2:06
PK Forward
1 - 96% - 60% - 5:29
2 - 4% - 40% - 0:15
PK Defense
1 - 68% - 60% - 3:54
2 - 32% - 40% - 1:50
PK3 Forward
1 - 0% - 60%
2 - 0% - 40%
PK3 Defense
1 - 0% - 60%
2 - 0% - 40%
44 Forward
1 - 100% - 60% - 1:27
2 - 0% - 40% - 0:00
44 Defense
1 - 51% - 60% - 0:44
2 - 49% - 40% - 0:43
Last Minute Offensive - 0:00
Last Minute Defensive - 0:00
Total
Forward - 60:00
Defense - 60:00
|
Play by Play
1st period
0:01 of 1st period - Jonathan Matsumoto wins face-off versus Darren Helm in neutral zone.
0:26 of 1st period - Keith Ballard is hit by Marek Zagrapan and loses puck.
0:59 of 1st period - Snap shot by Rico Fata.
0:59 of 1st period - Shot Hit the Post.
1:13 of 1st period - Slapshot by Johannes Salmonsson.
1:13 of 1st period - Stopped by Joe Cannata with a rebound.
1:37 of 1st period - Brandon Gormley is hit by Robert Bortuzzo and loses puck.
1:44 of 1st period - Robert Bortuzzo is hit by Jonathan Matsumoto and loses puck.
1:59 of 1st period - Wrist shot by Marek Zagrapan.
1:59 of 1st period - Stopped by Petr Mrazek with a rebound.
2:29 of 1st period - Wrist shot by Billy Sweat.
2:29 of 1st period - Stopped by Petr Mrazek without a rebound.
2:30 of 1st period - Bobby Butler wins face-off versus Daniel Paille in Remparts zone.
3:14 of 1st period - Guillaume Desbiens is hit by Nigel Dawes and loses puck.
4:51 of 1st period - Wrist shot by Billy Sweat.
4:51 of 1st period - Deflect By Brandon Gormley.
4:51 of 1st period - Shot Misses the Net.
4:51 of 1st period - Puck is out of play.
4:52 of 1st period - Jarod Palmer wins face-off versus Nicolas Blanchard in Remparts zone.
5:07 of 1st period - Wrist shot by Matt D'Agostini.
5:07 of 1st period - Deflect By Billy Sweat.
5:07 of 1st period - Stopped by Petr Mrazek with a rebound.
5:37 of 1st period - Off-side.
5:38 of 1st period - Jonathan Matsumoto wins face-off versus Darren Helm in neutral zone.
5:47 of 1st period - Snap shot by Daniel Paille.
5:47 of 1st period - Shot Blocked by Cameron Schilling.
5:53 of 1st period - Wrist shot by Nikolai Zherdev.
5:53 of 1st period - Shot Misses the Net.
6:34 of 1st period - Off-side.
6:35 of 1st period - Jonathan Matsumoto wins face-off versus Darren Helm in neutral zone.
6:44 of 1st period - Slapshot by Daniel Paille.
6:44 of 1st period - Stopped by Joe Cannata with a rebound.
6:46 of 1st period - Snap shot by Keith Ballard.
6:46 of 1st period - Shot Blocked by Bobby Butler.
6:48 of 1st period - Slapshot by Erik Gudbranson.
6:48 of 1st period - Shot Misses the Net.
6:53 of 1st period - Minor Penalty to Bobby Butler for Tripping.
6:54 of 1st period - Nikolai Zherdev wins face-off versus Jonathan Matsumoto in Demolitions zone.
8:53 of 1st period - Penalty to Bobby Butler is over, Bobby Butler is back on ice.
9:28 of 1st period - Icing by Jonathan Cheechoo.
9:29 of 1st period - Marek Zagrapan wins face-off versus Jarod Palmer in Remparts zone.
9:57 of 1st period - Snap shot by Pasi Salonen.
9:57 of 1st period - Shot Misses the Net.
9:59 of 1st period - Wrist shot by Cédric Lalonde-McNicoll.
9:59 of 1st period - Shot Misses the Net.
10:01 of 1st period - Snap shot by Radko Gudas.
10:01 of 1st period - Stopped by Joe Cannata with a rebound.
10:31 of 1st period - Backhand shot by Nikolai Zherdev.
10:31 of 1st period - Stopped by Petr Mrazek with a rebound.
10:33 of 1st period - Slapshot by Bobby Butler.
10:33 of 1st period - Stopped by Petr Mrazek with a rebound.
10:35 of 1st period - Wrist shot by Bobby Butler.
10:35 of 1st period - Stopped by Petr Mrazek without a rebound.
10:36 of 1st period - Jonathan Matsumoto wins face-off versus Darren Helm in Remparts zone.
10:43 of 1st period - Bobby Butler is hit by Daniel Paille and loses puck.
10:50 of 1st period - Wrist shot by Daniel Paille.
10:50 of 1st period - Deflect By Jonathan Matsumoto.
10:50 of 1st period - Shot Blocked by Bobby Butler.
10:50 of 1st period - Puck is out of play.
10:51 of 1st period - Cédric Lalonde-McNicoll wins face-off versus Darren Helm in Demolitions zone.
11:22 of 1st period - Slapshot by Jonathan Matsumoto.
11:22 of 1st period - Stopped by Joe Cannata with a rebound.
11:24 of 1st period - Snap shot by Daniel Paille.
11:24 of 1st period - Stopped by Joe Cannata without a rebound.
11:25 of 1st period - Jonathan Matsumoto wins face-off versus Darren Helm in Demolitions zone.
11:36 of 1st period - Wrist shot by Bobby Butler.
11:36 of 1st period - Stopped by Petr Mrazek with a rebound.
11:50 of 1st period - Nigel Dawes is hit by Erik Gudbranson.
11:54 of 1st period - Wrist shot by Guillaume Desbiens.
11:54 of 1st period - Shot Misses the Net.
13:37 of 1st period - Snap shot by Matt D'Agostini.
13:37 of 1st period - Deflect By Nicolas Blanchard.
13:37 of 1st period - Shot Misses the Net.
13:37 of 1st period - Puck is out of play.
13:38 of 1st period - Darren Helm wins face-off versus Jarod Palmer in Remparts zone.
13:45 of 1st period - Slapshot by Jonathan Cheechoo.
13:45 of 1st period - Shot Blocked by Darren Helm.
13:53 of 1st period - Snap shot by Nikolai Zherdev.
13:53 of 1st period - Stopped by Petr Mrazek with a rebound.
14:07 of 1st period - Robert Bortuzzo is hit by Petr Straka and loses puck.
14:48 of 1st period - Wrist shot by Nikolai Zherdev.
14:48 of 1st period - Shot Misses the Net.
14:50 of 1st period - Snap shot by Nikolai Zherdev.
14:50 of 1st period - Shot Misses the Net.
15:14 of 1st period - Snap shot by Rico Fata.
15:14 of 1st period - Stopped by Joe Cannata with a rebound.
15:47 of 1st period - Snap shot by Guillaume Desbiens.
15:47 of 1st period - Stopped by Joe Cannata without a rebound.
15:48 of 1st period - David Laliberté wins face-off versus Cédric Lalonde-McNicoll in Demolitions zone.
16:15 of 1st period - Nikolai Zherdev is hit by William Colbert and loses puck.
16:38 of 1st period - Wrist shot by Daniel Paille.
16:38 of 1st period - Shot Blocked by Cameron Schilling.
16:40 of 1st period - Snap shot by Jonathan Matsumoto.
16:40 of 1st period - Stopped by Joe Cannata with a rebound.
16:42 of 1st period - Slapshot by William Colbert.
16:42 of 1st period - Shot Blocked by Cameron Schilling.
16:44 of 1st period - Wrist shot by Jonathan Matsumoto.
16:44 of 1st period - Deflect By Petr Straka.
16:44 of 1st period - Goal by Petr Straka - Remparts : 1 - Demolitions : 0.
16:45 of 1st period - Cédric Lalonde-McNicoll wins face-off versus Marek Zagrapan in neutral zone.
17:35 of 1st period - Keith Ballard is hit by Nicolas Blanchard and loses puck.
18:17 of 1st period - Slapshot by Marek Zagrapan.
18:17 of 1st period - Stopped by Petr Mrazek with a rebound.
18:19 of 1st period - Snap shot by Nigel Dawes.
18:19 of 1st period - Stopped by Petr Mrazek with a rebound.
18:25 of 1st period - Pasi Salonen is hit by Marek Zagrapan.
18:45 of 1st period - Snap shot by Rico Fata.
18:45 of 1st period - Shot Misses the Net.
18:57 of 1st period - Snap shot by Jonathan Matsumoto.
18:57 of 1st period - Shot Misses the Net.
19:15 of 1st period - Off-side.
19:16 of 1st period - Marek Zagrapan wins face-off versus Cédric Lalonde-McNicoll in neutral zone.
19:25 of 1st period - Snap shot by Ryan Vesce.
19:25 of 1st period - Stopped by Petr Mrazek with a rebound.
19:41 of 1st period - Bobby Butler is hit by Daniel Paille and loses puck.
19:42 of 1st period - Bobby Butler from Demolitions is injured at 19:42 of 1st period (Right Hip).
19:43 of 1st period - Jonathan Matsumoto wins face-off versus Darren Helm in Demolitions zone.
19:53 of 1st period - Snap shot by Jonathan Matsumoto.
19:53 of 1st period - Stopped by Joe Cannata with a rebound.
19:55 of 1st period - Snap shot by Jonathan Matsumoto.
19:55 of 1st period - Stopped by Joe Cannata without a rebound.
19:56 of 1st period - Darren Helm wins face-off versus Jonathan Matsumoto in Demolitions zone.
Goals for this period are 1 for Remparts vs 0 for Demolitions.
Shots for this period are 11 for Remparts vs 11 for Demolitions.
2nd period
0:01 of 2nd period - Petr Straka wins face-off versus Darren Helm in neutral zone.
0:14 of 2nd period - Wrist shot by Darren Helm.
0:14 of 2nd period - Stopped by Petr Mrazek without a rebound.
0:15 of 2nd period - Pasi Salonen wins face-off versus Marek Zagrapan in Remparts zone.
0:20 of 2nd period - Doug Janik is hit by Guillaume Desbiens and loses puck.
0:27 of 2nd period - Wrist shot by Cédric Lalonde-McNicoll.
0:27 of 2nd period - Deflect By Guillaume Desbiens.
0:27 of 2nd period - Shot Misses the Net.
0:27 of 2nd period - Puck is out of play.
0:28 of 2nd period - Darren Helm wins face-off versus Petr Straka in Demolitions zone.
0:53 of 2nd period - Marek Zagrapan is hit by Jonathan Cheechoo and loses puck.
1:02 of 2nd period - Wrist shot by Rico Fata.
1:02 of 2nd period - Goal by Rico Fata - Remparts : 2 - Demolitions : 0.
1:03 of 2nd period - Darren Helm wins face-off versus Jonathan Matsumoto in neutral zone.
1:12 of 2nd period - Wrist shot by Daniel Paille.
1:12 of 2nd period - Shot Misses the Net.
1:14 of 2nd period - Snap shot by Jonathan Matsumoto.
1:14 of 2nd period - Stopped by Joe Cannata with a rebound.
1:16 of 2nd period - Wrist shot by Jonathan Matsumoto.
1:16 of 2nd period - Stopped by Joe Cannata with a rebound.
1:18 of 2nd period - Snap shot by Jonathan Matsumoto.
1:18 of 2nd period - Shot Misses the Net.
2:07 of 2nd period - Snap shot by Billy Sweat.
2:07 of 2nd period - Shot Misses the Net.
2:16 of 2nd period - Off-side.
2:17 of 2nd period - Darren Helm wins face-off versus Jonathan Matsumoto in neutral zone.
2:20 of 2nd period - Petr Straka is hit by Matt D'Agostini and loses puck.
2:31 of 2nd period - Wrist shot by Nikolai Zherdev.
2:31 of 2nd period - Shot Misses the Net.
2:41 of 2nd period - Erik Gudbranson is hit by David Laliberté and loses puck.
2:54 of 2nd period - Slapshot by Jonathan Matsumoto.
2:54 of 2nd period - Stopped by Joe Cannata with a rebound.
2:56 of 2nd period - Snap shot by Jonathan Matsumoto.
2:56 of 2nd period - Goal by Jonathan Matsumoto - Remparts : 3 - Demolitions : 0.
2:57 of 2nd period - Darren Helm wins face-off versus Cédric Lalonde-McNicoll in neutral zone.
2:59 of 2nd period - Off-side.
3:00 of 2nd period - Darren Helm wins face-off versus Cédric Lalonde-McNicoll in neutral zone.
3:43 of 2nd period - Minor Penalty to Erik Gudbranson for Holding.
3:44 of 2nd period - Darren Helm wins face-off versus Cédric Lalonde-McNicoll in Remparts zone.
4:17 of 2nd period - Brandon Gormley is hit by David Rundblad and loses puck.
5:22 of 2nd period - Wrist shot by Jonathan Cheechoo.
5:22 of 2nd period - Shot Misses the Net.
5:34 of 2nd period - Radko Gudas is hit by Nikolai Zherdev and loses puck.
5:43 of 2nd period - Penalty to Erik Gudbranson is over, Erik Gudbranson is back on ice.
6:19 of 2nd period - Billy Sweat is hit by Pasi Salonen and loses puck.
6:26 of 2nd period - Slapshot by Pasi Salonen.
6:26 of 2nd period - Stopped by Joe Cannata with a rebound.
6:28 of 2nd period - Slapshot by Erik Gudbranson.
6:28 of 2nd period - Stopped by Joe Cannata with a rebound.
6:44 of 2nd period - Billy Sweat is hit by Erik Gudbranson and loses puck.
6:51 of 2nd period - Nicolas Blanchard is hit by Pasi Salonen and loses puck.
7:24 of 2nd period - Wrist shot by Billy Sweat.
7:24 of 2nd period - Shot Hit the Post.
7:35 of 2nd period - Slapshot by Cameron Schilling.
7:35 of 2nd period - Shot Blocked by William Colbert.
7:37 of 2nd period - Wrist shot by Cameron Schilling.
7:37 of 2nd period - Shot Blocked by William Colbert.
8:07 of 2nd period - Slapshot by Erik Gudbranson.
8:07 of 2nd period - Stopped by Joe Cannata without a rebound.
8:08 of 2nd period - Darren Helm wins face-off versus Jonathan Matsumoto in Demolitions zone.
8:15 of 2nd period - Wrist shot by Nikolai Zherdev.
8:15 of 2nd period - Stopped by Petr Mrazek with a rebound.
8:17 of 2nd period - Wrist shot by Nikolai Zherdev.
8:17 of 2nd period - Shot Misses the Net.
8:19 of 2nd period - Slapshot by David Rundblad.
8:19 of 2nd period - Shot Misses the Net.
8:21 of 2nd period - Wrist shot by David Laliberté.
8:21 of 2nd period - Goal by David Laliberté - Remparts : 3 - Demolitions : 1.
8:22 of 2nd period - Jonathan Matsumoto wins face-off versus Darren Helm in neutral zone.
8:34 of 2nd period - Off-side.
8:35 of 2nd period - Jonathan Matsumoto wins face-off versus Darren Helm in neutral zone.
8:40 of 2nd period - Slapshot by Daniel Paille.
8:40 of 2nd period - Stopped by Joe Cannata without a rebound.
8:41 of 2nd period - Jonathan Matsumoto wins face-off versus Darren Helm in Demolitions zone.
9:03 of 2nd period - Wrist shot by Nikolai Zherdev.
9:03 of 2nd period - Stopped by Petr Mrazek without a rebound.
9:04 of 2nd period - Marek Zagrapan wins face-off versus Chris Mueller in Remparts zone.
9:09 of 2nd period - Snap shot by Ryan Vesce.
9:09 of 2nd period - Stopped by Petr Mrazek without a rebound.
9:10 of 2nd period - Chris Mueller wins face-off versus Marek Zagrapan in Remparts zone.
9:10 of 2nd period - Chris Mueller is hit by Nigel Dawes.
10:15 of 2nd period - Snap shot by Pasi Salonen.
10:15 of 2nd period - Stopped by Joe Cannata without a rebound.
10:16 of 2nd period - Marek Zagrapan wins face-off versus Cédric Lalonde-McNicoll in Demolitions zone.
10:46 of 2nd period - Slapshot by Nikolai Zherdev.
10:46 of 2nd period - Stopped by Petr Mrazek with a rebound.
10:54 of 2nd period - Nikolai Zherdev is hit by Radko Gudas and loses puck.
11:05 of 2nd period - Jarod Palmer is hit by Andrew Campbell and loses puck.
11:12 of 2nd period - Snap shot by Corban Knight.
11:12 of 2nd period - Stopped by Petr Mrazek with a rebound.
11:14 of 2nd period - Wrist shot by Alex Hutchings.
11:14 of 2nd period - Shot Blocked by Keith Ballard.
11:16 of 2nd period - Wrist shot by Corban Knight.
11:16 of 2nd period - Stopped by Petr Mrazek with a rebound.
11:31 of 2nd period - Snap shot by Chris Mueller.
11:31 of 2nd period - Shot Misses the Net.
12:09 of 2nd period - Snap shot by Nikolai Zherdev.
12:09 of 2nd period - Shot Misses the Net.
12:53 of 2nd period - Darren Helm is hit by Brandon Gormley and loses puck.
13:46 of 2nd period - Snap shot by Radko Gudas.
13:46 of 2nd period - Shot Blocked by David Rundblad.
13:48 of 2nd period - Snap shot by Radko Gudas.
13:48 of 2nd period - Shot Blocked by David Rundblad.
13:50 of 2nd period - Snap shot by Jonathan Cheechoo.
13:50 of 2nd period - Stopped by Joe Cannata with a rebound.
13:52 of 2nd period - Snap shot by Jarod Palmer.
13:52 of 2nd period - Shot Misses the Net.
13:54 of 2nd period - Snap shot by Rico Fata.
13:54 of 2nd period - Shot Blocked by Seth Helgeson.
14:08 of 2nd period - Snap shot by Nikolai Zherdev.
14:08 of 2nd period - Goal by Nikolai Zherdev - Remparts : 3 - Demolitions : 2.
14:09 of 2nd period - Darren Helm wins face-off versus Jonathan Matsumoto in neutral zone.
14:35 of 2nd period - Jarod Palmer is hit by Nigel Dawes and loses puck.
15:35 of 2nd period - Off-side.
15:36 of 2nd period - Chris Mueller wins face-off versus Darren Helm in neutral zone.
15:56 of 2nd period - Minor Penalty to Doug Janik for Unsportsmanlike conduct.
15:57 of 2nd period - Jonathan Matsumoto wins face-off versus Nicolas Blanchard in Demolitions zone.
16:05 of 2nd period - Wrist shot by Daniel Paille.
16:05 of 2nd period - Shot Misses the Net.
17:56 of 2nd period - Penalty to Doug Janik is over, Doug Janik is back on ice.
18:13 of 2nd period - Slapshot by Rico Fata.
18:13 of 2nd period - Shot Misses the Net.
Goals for this period are 2 for Remparts vs 2 for Demolitions.
Shots for this period are 11 for Remparts vs 9 for Demolitions.
3rd period
0:01 of 3rd period - Nikolai Zherdev wins face-off versus Jonathan Matsumoto in neutral zone.
0:34 of 3rd period - Erik Gudbranson is hit by Nikolai Zherdev and loses puck.
0:43 of 3rd period - Snap shot by Nikolai Zherdev.
0:43 of 3rd period - Stopped by Petr Mrazek with a rebound.
1:09 of 3rd period - Petr Straka is hit by Doug Janik and loses puck.
1:52 of 3rd period - Snap shot by Daniel Paille.
1:52 of 3rd period - Goal by Daniel Paille - Remparts : 4 - Demolitions : 2.
1:53 of 3rd period - Marek Zagrapan wins face-off versus Cédric Lalonde-McNicoll in neutral zone.
1:55 of 3rd period - David Rundblad is hit by Radko Gudas and loses puck.
2:07 of 3rd period - Minor Penalty to Cédric Lalonde-McNicoll for Holding.
2:08 of 3rd period - Nigel Dawes wins face-off versus Jonathan Cheechoo in Remparts zone.
2:39 of 3rd period - Minor Penalty to David Laliberté for Hooking.
2:40 of 3rd period - Nikolai Zherdev wins face-off versus Jonathan Matsumoto in Demolitions zone.
4:07 of 3rd period - Penalty to Cédric Lalonde-McNicoll is over, Cédric Lalonde-McNicoll is back on ice.
4:12 of 3rd period - Nikolai Zherdev is hit by Radko Gudas and loses puck.
4:29 of 3rd period - Nigel Dawes is hit by Erik Gudbranson and loses puck.
4:39 of 3rd period - Penalty to David Laliberté is over, David Laliberté is back on ice.
4:56 of 3rd period - Snap shot by Jonathan Cheechoo.
4:56 of 3rd period - Shot Blocked by Cameron Schilling.
4:58 of 3rd period - Wrist shot by Jonathan Cheechoo.
4:58 of 3rd period - Stopped by Joe Cannata with a rebound.
5:10 of 3rd period - Doug Janik is hit by Dale Weise and loses puck.
5:17 of 3rd period - Slapshot by William Colbert.
5:17 of 3rd period - Stopped by Joe Cannata with a rebound.
5:31 of 3rd period - Wrist shot by Guillaume Desbiens.
5:31 of 3rd period - Stopped by Joe Cannata without a rebound.
5:32 of 3rd period - Nicolas Blanchard wins face-off versus Cédric Lalonde-McNicoll in Demolitions zone.
5:32 of 3rd period - Nicolas Blanchard is hit by Cédric Lalonde-McNicoll.
5:38 of 3rd period - Snap shot by Nicolas Blanchard.
5:38 of 3rd period - Shot Misses the Net.
7:00 of 3rd period - Wrist shot by David Rundblad.
7:00 of 3rd period - Shot Blocked by Cédric Lalonde-McNicoll.
7:02 of 3rd period - Snap shot by Nigel Dawes.
7:02 of 3rd period - Stopped by Petr Mrazek without a rebound.
7:03 of 3rd period - Darren Helm wins face-off versus Jonathan Matsumoto in Remparts zone.
7:14 of 3rd period - Slapshot by Nikolai Zherdev.
7:14 of 3rd period - Stopped by Petr Mrazek with a rebound.
7:16 of 3rd period - Slapshot by Matt D'Agostini.
7:16 of 3rd period - Stopped by Petr Mrazek with a rebound.
7:18 of 3rd period - Snap shot by Nikolai Zherdev.
7:18 of 3rd period - Goal by Nikolai Zherdev - Remparts : 4 - Demolitions : 3.
7:19 of 3rd period - Marek Zagrapan wins face-off versus Petr Straka in neutral zone.
7:24 of 3rd period - Petr Straka is hit by David Rundblad and loses puck.
7:51 of 3rd period - Backhand shot by Guillaume Desbiens.
7:51 of 3rd period - Shot Misses the Net.
8:26 of 3rd period - Cameron Schilling is hit by Johannes Salmonsson and loses puck.
9:11 of 3rd period - Snap shot by Corban Knight.
9:11 of 3rd period - Stopped by Petr Mrazek without a rebound.
9:12 of 3rd period - Guillaume Desbiens wins face-off versus Marek Zagrapan in Remparts zone.
9:25 of 3rd period - Snap shot by Pasi Salonen.
9:25 of 3rd period - Stopped by Joe Cannata with a rebound.
9:34 of 3rd period - Icing by David Rundblad.
9:35 of 3rd period - Jonathan Matsumoto wins face-off versus Darren Helm in Demolitions zone.
10:00 of 3rd period - Cameron Schilling is hit by Pasi Salonen and loses puck.
11:12 of 3rd period - Slapshot by Daniel Paille.
11:12 of 3rd period - Shot Misses the Net.
11:14 of 3rd period - Slapshot by Radko Gudas.
11:14 of 3rd period - Shot Blocked by Nigel Dawes.
11:16 of 3rd period - Snap shot by Petr Straka.
11:16 of 3rd period - Goal by Petr Straka - Remparts : 5 - Demolitions : 3.
11:17 of 3rd period - Jonathan Matsumoto wins face-off versus Darren Helm in neutral zone.
11:43 of 3rd period - Cédric Lalonde-McNicoll is hit by Marek Zagrapan.
11:47 of 3rd period - Wrist shot by Ryan Vesce.
11:47 of 3rd period - Stopped by Petr Mrazek with a rebound.
11:49 of 3rd period - Wrist shot by Cameron Schilling.
11:49 of 3rd period - Stopped by Petr Mrazek with a rebound.
12:35 of 3rd period - Slapshot by Brandon Gormley.
12:35 of 3rd period - Stopped by Joe Cannata with a rebound.
12:37 of 3rd period - Snap shot by Radko Gudas.
12:37 of 3rd period - Deflect By Chris Mueller.
12:37 of 3rd period - Stopped by Joe Cannata with a rebound.
12:51 of 3rd period - Darren Helm is hit by Jonathan Matsumoto and loses puck.
13:16 of 3rd period - Snap shot by Nigel Dawes.
13:16 of 3rd period - Stopped by Petr Mrazek with a rebound.
13:18 of 3rd period - Wrist shot by Ryan Vesce.
13:18 of 3rd period - Shot Blocked by Pasi Salonen.
13:39 of 3rd period - Minor Penalty to Seth Helgeson for Holding Stick.
13:40 of 3rd period - Jonathan Matsumoto wins face-off versus Nikolai Zherdev in Demolitions zone.
13:51 of 3rd period - Slapshot by Jonathan Matsumoto.
13:51 of 3rd period - Stopped by Joe Cannata without a rebound.
13:52 of 3rd period - Nikolai Zherdev wins face-off versus Jonathan Matsumoto in Demolitions zone.
14:24 of 3rd period - Icing by Keith Ballard.
14:25 of 3rd period - Cédric Lalonde-McNicoll wins face-off versus Nikolai Zherdev in Remparts zone.
14:44 of 3rd period - Slapshot by Pasi Salonen.
14:44 of 3rd period - Stopped by Joe Cannata with a rebound.
14:46 of 3rd period - Slapshot by Pasi Salonen.
14:46 of 3rd period - Shot Misses the Net.
14:48 of 3rd period - Snap shot by Pasi Salonen.
14:48 of 3rd period - Goal by Pasi Salonen - Remparts : 6 - Demolitions : 3.
14:49 of 3rd period - Jonathan Matsumoto wins face-off versus Marek Zagrapan in neutral zone.
16:16 of 3rd period - Wrist shot by Jonathan Matsumoto.
16:16 of 3rd period - Stopped by Joe Cannata with a rebound.
16:49 of 3rd period - Slapshot by Ryan Vesce.
16:49 of 3rd period - Stopped by Petr Mrazek without a rebound.
16:50 of 3rd period - Jarod Palmer wins face-off versus Marek Zagrapan in Remparts zone.
17:10 of 3rd period - Minor Penalty to Jarod Palmer for Hooking.
17:11 of 3rd period - Johannes Salmonsson wins face-off versus Darren Helm in Remparts zone.
17:17 of 3rd period - Icing by Nikolai Zherdev.
17:18 of 3rd period - Darren Helm wins face-off versus Cédric Lalonde-McNicoll in Demolitions zone.
19:10 of 3rd period - Penalty to Jarod Palmer is over, Jarod Palmer is back on ice.
19:16 of 3rd period - Petr Straka is hit by David Rundblad and loses puck.
19:54 of 3rd period - Minor Penalty to Corban Knight for Hooking.
19:55 of 3rd period - Nicolas Blanchard wins face-off versus Jonathan Matsumoto in Demolitions zone.
Goals for this period are 3 for Remparts vs 1 for Demolitions.
Shots for this period are 12 for Remparts vs 10 for Demolitions.
Back to the Top